 Dungeon Crawl Stone Soup version 0.14.1-24-gbdbe590 (webtiles) character file.

367 Kenran the Ruffian (level 5, -3/32 HPs)
             Began as a Gargoyle Monk on June 19, 2014.
             Was a Priest of Makhleb.
             Slain by Edmund
             ... wielding a +0,+0 dire flail
              (4 damage)
             ... on Level 4 of the Dungeon.
             The game lasted 00:08:01 (2933 turns).

Kenran the Ruffian (Gargoyle Monk)                  Turns: 2933, Time: 00:08:02

HP  -3/32        AC  6     Str 15      XL: 5   Next: 77%
MP   5/5         EV 12     Int 10      God: Makhleb [***...]
Gold 168         SH  0     Dex 13      Spells:  0 memorised,  4 levels left

rFire  . . .     SeeInvis .       - Unarmed
rCold  . . .     Clarity  +     a - +0 robe
rNeg   + . .     Conserve .     (no shield)
rPois  +         rCorr    .     (no helmet)
rElec  +         rRot     +     (no cloak)
SustAb . .       Spirit   .     (no gloves)
rMut   .         Warding  .     (no boots)
Saprov . . .     Stasis   .     j - amulet of clarity
MR     .....                    (no ring)
                                (no ring)

@: not resistant to hostile enchantments, fairly stealthy
A: life protection 1, electricity resistance, unbreathing, petrification
resistance, AC +4
a: Minor Destruction, Lesser Servant of Makhleb, Renounce Religion


You were on level 4 of the Dungeon.
You worshipped Makhleb.
Makhleb was most pleased with you.
You were not hungry.

You visited 1 branch of the dungeon, and saw 4 of its levels.

You collected 168 gold pieces.

Inventory:

Armour
 a - a +0 robe (worn)
Magical devices
 k - a wand of magic darts (4)
 o - a wand of magic darts (0)
Comestibles
 b - 2 bread rations
 p - a meat ration
 s - a pear
Scrolls
 h - 3 scrolls of fog
 i - a scroll of remove curse
 l - a scroll of enchant weapon I
 n - 3 scrolls of identify
Jewellery
 j - an amulet of clarity (around neck)
Potions
 c - a potion of beneficial mutation {unknown}
 d - 2 potions of agility
 e - a potion of resistance {unknown}
 f - a potion of heal wounds {unknown}
 g - a potion of restore abilities {unknown}
 m - 2 potions of curing {unknown}


   Skills:
 - Level 3.2 Fighting
 - Level 2.4 Dodging
 - Level 2.1 Stealth
 + Level 7.5 Unarmed Combat


You had 4 spell levels left.
You didn't know any spells.

Dungeon Overview and Level Annotations

Branches:
Dungeon (4/15)
 Temple: D:4-7

Altars:
Makhleb
Vehumet

Annotations:
D:2 Sigmund
D:4 Edmund


Innate Abilities, Weirdness & Mutations

You are resistant to torment.
You are immune to poison.
You are immune to rotting.
Your stone body is very resilient (AC +4).
You resist negative energy.
You are resistant to electric shocks.
You can survive without breathing.
You are immune to petrification.


Message History

You hit Edmund.
Edmund is moderately wounded.
Edmund hits you but does no damage.
You hit Edmund.
Edmund is heavily wounded.
Edmund hits you with a dire flail.
You hit Edmund.
Edmund is heavily wounded.
Edmund hits you with a dire flail!
* * * LOW HITPOINT WARNING * * *
You hit Edmund.
Edmund is heavily wounded.
You hit Edmund but do no damage.
Edmund is heavily wounded.
Edmund hits you with a dire flail.
* * * LOW HITPOINT WARNING * * *
You hit Edmund.
Edmund is severely wounded.
Edmund hits you with a dire flail.
You die...

#...............
....####.#.##..#.#
.. #.#.##..# # #
##.####.#.##..#.##.#
..................#
#.####.####.####..#
#.# #.# #..###.
##.####.###@......#
...........@...#
##.####.###..## #.#
..# .<# ..# ##.# ..#
#.# ..# #.# ... #.#
.## . .


You could see Edmund.

Vanquished Creatures
  A crimson imp (D:3)
  An orc priest (D:3)
  An iguana (D:4)
  3 adders
  A giant mite (D:1)
  A worm (D:2)
  9 orcs
  A ball python (D:1)
  A giant cockroach (D:4)
  5 goblins
  5 hobgoblins
  10 jackals
  An ooze (D:1)
  2 quokkas
  7 bats
  6 giant newts
  A hobgoblin skeleton (D:4)
  4 kobolds
  8 rats
68 creatures vanquished.

Notes
Turn   | Place    | Note
--------------------------------------------------------------
     0 | D:1      | Kenran, the Gargoyle Monk, began the quest for the Orb.
     0 | D:1      | Reached XP level 1. HP: 14/14 MP: 1/1
   197 | D:1      | Reached skill level 5 in Unarmed Combat
   197 | D:1      | Reached XP level 2. HP: 14/19 MP: 2/2
   729 | D:1      | Reached XP level 3. HP: 23/23 MP: 3/3
  1336 | D:2      | Noticed Sigmund
  1706 | D:3      | Found a radiant altar of Vehumet.
  1718 | D:3      | Reached skill level 6 in Unarmed Combat
  1718 | D:3      | Reached XP level 4. HP: 23/28 MP: 4/4
  1719 | D:3      | Found a burning altar of Makhleb.
  1730 | D:3      | Became a worshipper of Makhleb the Destroyer
  1730 | D:3      | Acquired Makhleb's first power
  1730 | D:3      | Acquired Makhleb's second power
  2197 | D:3      | Reached XP level 5. HP: 19/32 MP: 5/5
  2364 | D:3      | Reached skill level 7 in Unarmed Combat
  2901 | D:4      | Acquired Makhleb's third power
  2922 | D:4      | Noticed Edmund
  2932 | D:4      | HP: 1/32 [Edmund/dire flail (5)]
  2933 | D:4      | Slain by Edmund

Action                   |  1- 3 |  4- 6 || total
-------------------------+-------+-------++-------
Melee: Unarmed           |   145 |   138 ||   283
  Use: Scroll            |     6 |     4 ||    10
 Stab: Sleeping          |     2 |       ||     2
